 Dungeon Crawl Stone Soup version 0.28-a0-730-g892d06dc2c (webtiles) character file.

Game seed: 30271903794373875

133 kae the Sneak (level 4, -2/22 HPs)
             Began as a Spriggan Enchanter on Oct 28, 2021.
             Killed from afar by Ijyb (13 damage)
             ... with an iceblast
             ... on level 4 of the Dungeon.
             The game lasted 00:03:24 (5093 turns).

kae the Sneak (Spriggan Enchanter)                  Turns: 5093, Time: 00:03:25

Health: -2/22      AC:  2    Str:  5    XL:     4   Next: 93%
Magic:  10/10      EV: 18    Int: 16    God:
Gold:   88         SH:  0    Dex: 15    Spells: 1/9 levels left

rFire   . . .      SeeInvis +   a - +1 dagger
rCold   . . .      Faith    .   (shield restricted)
rNeg    . . .      Spirit   .   b - +0 robe
rPois   .          Reflect  .   (helmet restricted)
rElec   .          Harm     .   (no cloak)
rCorr   .          Rampage  .   (gloves unavailable)
Will    .....                   (boots unavailable)
Stlth   +++.......              (no amulet)
HPRegen 0.07/turn               (no ring)
MPRegen 0.12/turn               (no ring)

@: very quick
A: very small, no large weapons, unfitting armour, see invisible, speed 3
a: no special abilities


You were on level 4 of the Dungeon.
You visited 1 branch of the dungeon, and saw 4 of its levels.

You collected 116 gold pieces.
You spent 28 gold pieces at shops.

Inventory:

Hand Weapons
 a - a +1 dagger (weapon)
Armour
 b - a +0 robe (worn)
Jewellery
 f - a +4 ring of protection
 h - an amulet of faith
Wands
 n - a wand of flame (19)
Scrolls
 e - 3 scrolls of fog
 l - 2 scrolls of identify
 m - 2 scrolls of teleportation
Potions
 c - a potion of invisibility
 d - 3 potions of might
 g - a potion of curing
 i - a potion of flight
 j - a potion of heal wounds
 k - a potion of brilliance {unknown}


   Skills:
 + Level 1.0 Fighting
 * Level 3.0 Short Blades
 + Level 3.6 Dodging
 + Level 5.2 Stealth
 + Level 3.4 Spellcasting
 + Level 4.1 Hexes


You had one spell level left.
You knew the following spells:

 Your Spells              Type           Power      Damage    Failure   Level
a - Ensorcelled Hibernat  Hex/Ice        18%        N/A       12%         2
b - Confusing Touch       Hex            16%        N/A       10%         3
c - Tukima's Dance        Hex            16%        N/A       10%         3

Your spell library contained the following spells:

 Spells                   Type           Power      Damage    Failure   Level
 Dazzling Flash           Conj/Hex       18%        N/A       22%         3
 Spider Form              Tmut/Pois      1%         N/A       47%         3


Dungeon Overview and Level Annotations

Branches:
Dungeon (4/15)
 Temple: D:4-7

Altars:
Wu Jian
The Shining One

Shops:
D:2 :   D:3 ?

Annotations:
D:4 Ijyb


Innate Abilities, Weirdness & Mutations

You are very small and have problems with some larger weapons.
You are too small for most types of armour.
You have supernaturally acute eyesight. (SInv)
You cover ground extremely quickly. (Speed+++)


Message History

The ufetubus closely misses you. The ufetubus completely misses you.
You closely miss the ufetubus.
The ufetubus is heavily wounded.
The ufetubus hits you.
The ufetubus hits you but does no damage.
The ufetubus barely misses you. The ufetubus misses you.
You closely miss the ufetubus.
The ufetubus is heavily wounded.
The ufetubus closely misses you. The ufetubus completely misses you.
The ufetubus misses you. The ufetubus barely misses you.
You barely miss the ufetubus.
The ufetubus is heavily wounded.
The ufetubus completely misses you. The ufetubus closely misses you.
The ufetubus misses you. x2
You hit the ufetubus.
The ufetubus is almost dead.
You feel yourself speed up. The ufetubus hits you. The ufetubus misses you.
The ufetubus hits you. The ufetubus barely misses you.
You hit the ufetubus.
You kill the ufetubus!
You start resting.
Your magical contamination has completely faded away.
There is a stone staircase leading down, spattered with blood here.
You start resting.
Magic restored.
HP restored.
You start waiting.
Done waiting.
You start waiting.
Done waiting.
You climb downwards.
Level annotation: Ijyb
There is a stone staircase leading up here.
Ijyb zaps a wand.
The mass of ice explodes!
The iceblast engulfs you!
Ouch! That really hurt!
You hear a shout! x3
Ijyb zaps a wand.
The mass of ice explodes!
The iceblast engulfs you!
Ouch! That really hurt!
You die...

+.....# #.....#
#.....# #.....#
##.....# #.....g#
+......# #......#
#..@...#
##......######
#.........#..##+##
#...[.....#.....e.
#.........#.......
#.........#.......
#.........'..e....
#.........##########
###................#


You could see Ijyb.

Vanquished Creatures
  Dowan (D:4)
  2 adders (D:3)
  An ufetubus (D:3)
  3 dart slugs
  6 ball pythons
  5 endoplasms
  4 giant cockroaches
  5 goblins
  2 hobgoblins
  2 jackals (D:1)
  8 kobolds
  3 quokkas
  4 bats
  5 frilled lizards
  4 rats
55 creatures vanquished.

Vanquished Creatures (others)
  A fungus (D:4)
1 creature vanquished.

Grand Total: 56 creatures vanquished

Notes
Turn   | Place    | Note
-------+----------+-------------------------------------------
     0 | D:1      | kae the Spriggan Enchanter began the quest for the Orb.
     0 | D:1      | Reached XP level 1. HP: 9/9 MP: 5/5
   372 | D:1      | Reached XP level 2. HP: 13/13 MP: 6/6
   375 | D:1      | Learned a level 2 spell: Ensorcelled Hibernation
   785 | D:1      | Found a faded altar of an unknown god.
  1421 | D:1      | Reached XP level 3. HP: 11/17 MP: 3/8
  1770 | D:1      | Learned a level 3 spell: Confusing Touch
  1774 | D:1      | Learned a level 3 spell: Tukima's Dance
  2139 | D:2      | Found Ciumoum's Book Emporium.
  2638 | D:3      | Found Uqammups's Magic Scroll Shoppe.
  2659 | D:3      | Bought a scroll of identify for 28 gold pieces
  2696 | D:3      | Found an ornate altar of the Wu Jian Council.
  3057 | D:3      | Found a glowing golden altar of the Shining One.
  3235 | D:3      | Reached XP level 4. HP: 21/21 MP: 4/9
  3314 | D:3      | Reached skill level 5 in Stealth
  3739 | D:4      | Noticed Dowan
  4455 | D:4      | Killed Dowan
  4456 | D:4      | Reached skill level 1 in Fighting
  4553 | D:4      | Noticed Ijyb
  5093 | D:4      | Killed from afar by Ijyb

Illustrated notes

Levels and vault maps discovered:
D:1:      dpeg_arrival_erosion, layout_rooms,
          hellmonk_ecumenical_altar_leap_of_faith
D:2:      layout_basic, serial_shops, shop, minmay_ruptured
D:3:      layout_loops_corners, tso_metal_star, mainiacjoe_overflow_alcove_1,
          serial_shops, shop
D:4:      layout_gridville, hangedman_minor_gate_pass, uniq_ijyb, uniq_pikel,
          uniq_eustachio, uniq_crazy_yiuf_cottage, uniq_duvessa

Skill      XL: |  1  2  3  4 |
---------------+-------------+-----
Dodging        | 3 |  3.6
Short Blades   | 2 3 |  3.0
Spellcasting   | 3 |  3.4
Stealth        | 5 |  5.2
Fighting       | 1 |  1.0
Hexes          | 4 |  4.1

Action                   |  1- 3 |  4- 6 || total
-------------------------+-------+-------++-------
Melee: Dagger            |   197 |    23 ||   220
 Cast: Ensorcelled Hiber |    20 |    14 ||    34
  Use: Scroll            |     8 |     1 ||     9
 Stab: Sleeping          |    24 |     2 ||    26
       Distracted        |     1 |       ||     1
Armor: Robe              |    33 |     2 ||    35
Dodge: Dodged            |   160 |    48 ||   208

Table legend: (Time is in decaauts)
 A = Elapsed time spent in this place.
 B = Non-inter-level travel time spent in this place.
 C = Inter-level travel time spent in this place.
 D = Time resting spent in this place.
 E = Time spent auto-exploring this place.
 F = Levels seen in this place.
 G = Mean time per level.
                   A        B        C        D        E       F      G
               +--------+--------+--------+--------+--------+-----+--------+
         Total |   4270 |   4210 |     60 |   2089 |   1556 |   4 | 1067.5 |
       Dungeon |   4270 |   4210 |     60 |   2089 |   1556 |   4 | 1067.5 |
               +--------+--------+--------+--------+--------+-----+--------+

Top non-repeatable levels by time:
     D:3: 2031 daAuts
     D:1: 1547 daAuts
     D:2: 505 daAuts
     D:4: 185 daAuts
